 Dungeon Crawl Stone Soup version 0.25.0-9-g26727b657a (webtiles) character file.

Game seed: 15954002915478168154

81321 HungrySpirit the Covert (level 15, -5/118 HPs)
             Began as a Gnoll Assassin on June 16, 2020.
             Was a High Priest of Sif Muna.
             Slain by a two-headed ogre
             ... wielding a +0 giant club
              (13 damage)
             ... while paralysed by an ogre mage
             ... on level 2 of the Orcish Mines.
             The game lasted 01:09:09 (27165 turns).

HungrySpirit the Covert (Gnoll Assassin)           Turns: 27165, Time: 01:09:09

Health: -5/118     AC: 12    Str: 17    XL:     15   Next: 70%
Magic:  3/29       EV:  2    Int: 17    God:    Sif Muna [*****.]
Gold:   1759       SH:  0    Dex: 20    Spells: 20/34 levels left

rFire    + . .     SeeInvis .   p - +7 long sword "Killer Bee's Regret" {flame, rElec Dex+4}
rCold    . . .     Gourm    .   P - +2 buckler
rNeg     . . .     Faith    .   i - +0 scale mail
rPois    .         Spirit   .   N - +0 helmet
rElec    +         Reflect  .   D - scarf {repulsion}
rCorr    .         Harm     .   o - +1 pair of gloves
MR       +....                  (no boots)
Stlth    ++++......             W - amulet of regeneration
HPRegen  0.69/turn              F - +4 ring of evasion
MPRegen  0.21/turn              L - ring of protection from fire

@: paralysed, repel missiles
A: distributed training, fangs 1, strong nose
a: Channel Magic, Forget Spell, Divine Exegesis, Renounce Religion


You were on level 2 of the Orcish Mines.
You worshipped Sif Muna.
Sif Muna was extremely pleased with you.
You were not hungry.

You visited 4 branches of the dungeon, and saw 21 of its levels.

You collected 2030 gold pieces.
You spent 271 gold pieces at shops.

Inventory:

Hand Weapons
 p - the +7 long sword "Killer Bee's Regret" (weapon) {flame, rElec Dex+4}
   (You found it on level 6 of the Dungeon)

   It has been specially enchanted to burn those struck by it, causing extra
   injury to most foes and up to half again as much damage against particularly
   susceptible opponents.
   Big, fiery blades are also staple armaments of hydra-hunters.
   It affects your dexterity (+4).
   It insulates you from electricity.
Missiles
 Q - a curare-tipped dart (quivered)
Armour
 i - a +0 scale mail (worn)
 n - +0 fire dragon scales
 o - a +1 pair of gloves (worn)
 D - a scarf of repulsion (worn)
 N - a +0 helmet (worn)
 P - a +2 buckler (worn)
Magical Staves
 b - an uncursed staff of summoning
Jewellery
 a - an uncursed amulet of the acrobat
 z - an uncursed ring of wizardry
 F - a +4 ring of evasion (left hand)
 L - a ring of protection from fire (right hand)
 W - an amulet of regeneration (around neck)
Wands
 q - a wand of iceblast (16)
 s - a wand of polymorph (22)
 t - a wand of digging (15)
 C - a wand of clouds (5)
 I - a wand of disintegration (2)
 U - a wand of flame (7)
 Z - a wand of paralysis (3)
Scrolls
 h - 2 scrolls of magic mapping {unknown}
 j - 4 scrolls of teleportation
 k - 4 scrolls of immolation {unknown}
 l - 6 scrolls of enchant armour {unknown}
 m - 8 scrolls of remove curse
 r - 3 scrolls of blinking {unknown}
 w - a scroll of silence {unknown}
 x - 3 scrolls of amnesia {unknown}
 y - 5 scrolls of enchant weapon {unknown}
 G - a scroll of fog
 H - 4 scrolls of identify
 M - a scroll of vulnerability
 O - 4 scrolls of fear {unknown}
 R - a scroll of acquirement {unknown}
 S - a scroll of brand weapon
 X - 4 scrolls of noise {unknown}
 Y - a scroll of holy word
Potions
 c - 6 potions of heal wounds
 e - 2 potions of resistance
 g - 2 potions of might
 u - 2 potions of haste
 v - 3 potions of stabbing
 A - 8 potions of curing
 B - a potion of brilliance
 E - a potion of invisibility
 J - 3 potions of ambrosia
 K - 2 potions of mutation
 T - a potion of magic
 V - 2 potions of flight
Comestibles
 d - 7 chunks of flesh
 f - 31 rations


   Skills:
 + Level 11.1 Fighting
 + Level 11.1 Short Blades
 + Level 10.1 Long Blades
 + Level 10.1 Axes
 + Level 10.1 Maces & Flails
 + Level 10.1 Polearms
 + Level 10.1 Staves
 + Level 10.1 Slings
 + Level 10.1 Bows
 + Level 10.1 Crossbows
 + Level 11.1 Throwing
 + Level 10.1 Armour
 + Level 10.5 Dodging
 + Level 12.4 Stealth
 + Level 10.1 Shields
 + Level 10.1 Unarmed Combat
 + Level 10.1 Spellcasting
 + Level 8.5 Conjurations
 + Level 8.5 Hexes
 + Level 8.5 Charms
 + Level 8.5 Summonings
 + Level 8.5 Necromancy
 + Level 8.5 Translocations
 + Level 8.5 Transmutations
 + Level 8.5 Fire Magic
 + Level 8.5 Ice Magic
 + Level 8.5 Air Magic
 + Level 8.5 Earth Magic
 + Level 8.5 Poison Magic
 + Level 11.0 Invocations
 + Level 10.1 Evocations


You had 20 spell levels left.
You knew the following spells:

 Your Spells              Type           Power        Failure   Level  Hunger
a - Olgreb's Toxic Radia  Pois           #####...     7%          4    ###....
b - Ignite Poison         Fire/Tmut/Pois #####...     1%          3    None
c - Apportation           Tloc           #####.       1%          1    None
d - Mephitic Cloud        Conj/Pois/Air  #####...     1%          3    None
e - Vampiric Draining     Necr           #####.....   1%          3    None

Your spell library contained the following spells:

 Spells                   Type           Power        Failure   Level  Hunger
 Animate Skeleton         Necr           N/A          1%          1    None
 Corona                   Hex            #####..      1%          1    None
 Pain                     Necr           ####         1%          1    None
 Sandblast                Erth           #####.       1%          1    None
 Shock                    Conj/Air       ####         1%          1    None
 Sting                    Tmut/Pois      ####         1%          1    None
 Summon Small Mammal      Summ           ####         1%          1    None
 Passwall                 Tmut/Erth      #####...     1%          2    None
 Poisonous Vapours        Pois/Air       #####.       1%          2    None
 Slow                     Hex            #####...     1%          2    None
 Sublimation of Blood     Necr           #####.....   1%          2    None
 Conjure Flame            Conj/Fire      #####...     1%          3    None
 Dazzling Flash           Conj/Hex       #####.       1%          3    None
 Inner Flame              Hex/Fire       #####...     1%          3    None
 Portal Projectile        Hex/Tloc       #####.       1%          3    None
 Stone Arrow              Conj/Erth      #####.       1%          3    None
 Animate Dead             Necr           N/A          7%          4    ###....
 Cause Fear               Hex            #####.....   7%          4    ###....
 Leda's Liquefaction      Hex/Erth       #####.....   7%          4    ###....
 Petrify                  Tmut/Erth      #####...     7%          4    ###....
 Agony                    Necr           #####...     19%         5    #####..
 Alistair's Intoxication  Tmut/Pois      #####...     19%         5    #####..
 Fireball                 Conj/Fire      #####.....   19%         5    #####..
 Irradiate                Conj/Tmut      #####.....   19%         5    #####..
 Lee's Rapid Deconstruct  Erth           #####.....   19%         5    #####..
 Lightning Bolt           Conj/Air       #####.....   19%         5    #####..
 Eringya's Noxious Bog    Tmut/Pois      #####.....   71%         6    ######.
 Freezing Cloud           Conj/Ice/Air   #####.....   71%         6    ######.
 Iron Shot                Conj/Erth      #####.....   71%         6    ######.
 Ring of Flames           Chrm/Fire      #####.....   99%         7    #######
 Chain Lightning          Conj/Air       #####.....   100%        8    #######
 Death's Door             Chrm/Necr      #####.....   100%        8    #######
 Necromutation            Tmut/Necr      #####.....   100%        8    #######


Dungeon Overview and Level Annotations

Branches:
Dungeon (12/15)            Temple (1/1) D:6            Lair (6/6) D:10
 Shoals (0/4) Lair:3       Spider (0/4) Lair:4        Slime (0/5) Lair:5
    Orc (2/2) D:11            Elf (0/3) Orc:2

Altars:
Ashenzari
Cheibriados
Dithmenos
Elyvilon
Fedhas
Gozag
Hepliaklqana
Kikubaaqudgha
Makhleb
Nemelex Xobeh
Okawaru
Qazlal
Ru
Sif Muna
Trog
Uskayaw
Vehumet
Wu Jian
Xom
Yredelemnul
Zin
The Shining One

Shops:
D:5 ?[=   D:6 *   D:11 (   D:12 *

Annotations:
Lair:1 3 runed translucent doors, Imnulubo's ghost, novice TeFE
Orc:2 Saint Roka


Innate Abilities, Weirdness & Mutations

Your experience applies equally to all skills.
You have very sharp teeth.
Your uncanny sense of smell can sniff out nearby items.


Message History

The two-headed ogre hits you but does no damage.
The two-headed ogre hits you with a +0 giant club!
The ogre mage hits you but does no damage.
The two-headed ogre hits you with a +0 giant club. x2
The two-headed ogre hits you with a +0 giant club!
The two-headed ogre hits you with a +0 giant club.
The ogre mage points at you and mumbles some strange words.
The bolt of lightning hits you! You resist.
The two-headed ogre hits you with a +0 giant club! x2
* * * LOW HITPOINT WARNING * * *
The two-headed ogre hits you with a +0 giant club.
* * * LOW HITPOINT WARNING * * *
The two-headed ogre hits you with a +0 giant club.
* * * LOW HITPOINT WARNING * * *
The ogre mage casts a spell at you. The bolt of lightning hits you! You resist.
* * * LOW HITPOINT WARNING * * *
The ogre hits you but does no damage.
The two-headed ogre hits you with a +0 giant club!
You die...

........#..............##
......O.#......)).......#
#...............#
#..).).).......##
...)....)[).....##
........))).......#
.O#.......).......#
..#....))OO).....##
#......O@O.^....#
#......O........#
...............#
#...............#
#..............## ..
##..............##
..###................#
.....................#
.....................#


You could see 2 two-headed ogres, an ogre mage and 2 ogres.

Vanquished Creatures
  3 fire dragons
  9 hydras
  3 ogre magi (Orc:2)
  Erica (D:11)
  13 two-headed ogres
  9 death yaks
  An orc high priest (Orc:2)
  An unseen horror (D:11)
  A swamp dragon (Lair:6)
  3 lindwurms (Lair:6)
  2 orc knights (Orc:2)
  Pikel (D:4)
  A manticore (D:12)
  2 orc sorcerers (Orc:2)
  2 ugly things
  19 elephants
  Maurice (D:11)
  10 spiny frogs
  7 black mambas
  6 torpor snails
  A centaur zombie (D:12)
  A rime drake (Lair:3)
  7 komodo dragons
  4 trolls
  3 polar bears
  6 hornets (Lair:6)
  3 tyrant leeches (Lair:6)
  21 blink frogs
  10 slime creatures
  A snapping turtle (Lair:3)
  9 hippogriffs
  3 redbacks
  A spriggan (D:7)
  Sigmund (D:5)
  3 wyverns
  A wraith (D:11)
  28 yaks
  10 basilisks
  2 steam dragons (Lair:6)
  Menkaure (D:4)
  6 wargs
  2 acid dragons (Lair:6)
  4 swamp drakes
  9 water moccasins
  9 porcupines
  A sky beast (D:6)
  A black bear (Lair:4)
  5 ice beasts
  15 orc warriors
  33 ogres
  4 phantoms
  4 boggarts (Lair:4)
  7 centaurs
  6 wolves
  22 crocodiles
  2 big kobolds
  15 bullfrogs
  2 scorpions
  9 killer bees
  8 wights
  A vampire bat (D:10)
  3 electric eels
  3 howler monkeys
  5 crimson imps
  3 quasits
  A bullfrog zombie (D:12)
  A gnoll shaman (D:4)
  11 orc priests
  2 centaur skeletons
  4 jellies
  10 hounds
  2 bullfrog skeletons (D:11)
  28 orc wizards
  Terence (D:2)
  3 iguanas (Lair:6)
  9 worker ants
  A hound zombie (D:7)
  A hound skeleton (D:3)
  A howler monkey zombie (D:7)
  11 gnolls
  A river rat (D:6)
  9 adders
  A shadow imp (D:12)
  An ooze (D:3)
  An adder zombie (D:6)
  4 adder skeletons
  3 worms
  4 dart slugs
  9 leopard geckos
  73 orcs
  11 giant cockroaches
  5 goblins
  8 hobgoblins
  10 jackals
  17 kobolds
  2 quokkas
  2 ball pythons (D:6)
  12 bats
  4 frilled lizards
  A leopard gecko skeleton (D:3)
  A quokka zombie (D:3)
  3 rats
  3 plants (Lair:6)
661 creatures vanquished.

Vanquished Creatures (others)
  A basilisk (Lair:6)
  An orc warrior (D:11)
  An orc wizard (D:4)
  An orc priest (D:4)
  8 fungi
  4 plants
16 creatures vanquished.

Grand Total: 677 creatures vanquished

Notes
Turn   | Place    | Note
-------+----------+-------------------------------------------
     0 | D:1      | HungrySpirit the Gnoll Assassin began the quest for the
                  | Orb.
     0 | D:1      | Reached XP level 1. HP: 20/20 MP: 1/1
    60 | D:1      | Reached XP level 2. HP: 26/26 MP: 2/2
   348 | D:1      | Reached XP level 3. HP: 30/31 MP: 3/3
   634 | D:1      | Reached skill level 1 in Invocations
  1247 | D:2      | Reached skill level 1 in Long Blades
  1247 | D:2      | Reached skill level 1 in Axes
  1247 | D:2      | Reached skill level 1 in Maces & Flails
  1247 | D:2      | Reached skill level 1 in Polearms
  1247 | D:2      | Reached skill level 1 in Staves
  1247 | D:2      | Reached skill level 1 in Slings
  1247 | D:2      | Reached skill level 1 in Bows
  1247 | D:2      | Reached skill level 1 in Crossbows
  1247 | D:2      | Reached skill level 1 in Armour
  1247 | D:2      | Reached skill level 1 in Shields
  1247 | D:2      | Reached skill level 1 in Unarmed Combat
  1247 | D:2      | Reached skill level 1 in Spellcasting
  1247 | D:2      | Reached skill level 1 in Evocations
  1364 | D:2      | Found a stormy altar of Qazlal.
  1390 | D:2      | Reached XP level 4. HP: 38/38 MP: 5/5
  1746 | D:2      | Noticed Terence
  1785 | D:2      | Killed Terence
  1785 | D:2      | Reached skill level 1 in Conjurations
  1785 | D:2      | Reached skill level 1 in Hexes
  1785 | D:2      | Reached skill level 1 in Charms
  1785 | D:2      | Reached skill level 1 in Summonings
  1785 | D:2      | Reached skill level 1 in Necromancy
  1785 | D:2      | Reached skill level 1 in Translocations
  1785 | D:2      | Reached skill level 1 in Transmutations
  1785 | D:2      | Reached skill level 1 in Fire Magic
  1785 | D:2      | Reached skill level 1 in Ice Magic
  1785 | D:2      | Reached skill level 1 in Air Magic
  1785 | D:2      | Reached skill level 1 in Earth Magic
  1785 | D:2      | Reached skill level 1 in Poison Magic
  2065 | D:3      | Reached XP level 5. HP: 38/43 MP: 6/6
  2677 | D:3      | You fall into a shaft and drop 2 floors!
  2677 | D:5      | Entered Level 5 of the Dungeon
  2677 | D:5      | Noticed an ogre
  2708 | D:5      | Noticed an ice beast
  2711 | D:5      | Found Vowny's Magic Scroll Shop.
  2783 | D:4      | HP: 2/43 [worker ant (6)]
  2834 | D:4      | Reached skill level 8 in Stealth
  2834 | D:4      | Reached XP level 6. HP: 18/50 MP: 8/8
  3654 | D:4      | Reached skill level 5 in Fighting
  3654 | D:4      | Reached skill level 5 in Short Blades
  3654 | D:4      | Reached skill level 5 in Throwing
  3847 | D:5      | Bought a scroll of teleportation for 39 gold pieces
  3847 | D:5      | Bought a scroll of remove curse for 39 gold pieces
  3847 | D:5      | Bought a scroll of identify for 26 gold pieces
  3911 | D:5      | Found Mogeibai's Armour Shop.
  4282 | D:5      | Reached XP level 7. HP: 33/56 MP: 10/10
  4476 | D:5      | Noticed Sigmund
  4504 | D:5      | Killed Sigmund
  4526 | D:5      | You fall into a shaft and drop 1 floor!
  5419 | D:4      | Noticed Menkaure
  5425 | D:4      | Reached skill level 5 in Long Blades
  5425 | D:4      | Reached skill level 5 in Axes
  5425 | D:4      | Reached skill level 5 in Maces & Flails
  5425 | D:4      | Reached skill level 5 in Polearms
  5425 | D:4      | Reached skill level 5 in Staves
  5425 | D:4      | Reached skill level 5 in Slings
  5425 | D:4      | Reached skill level 5 in Bows
  5425 | D:4      | Reached skill level 5 in Crossbows
  5425 | D:4      | Reached skill level 5 in Armour
  5425 | D:4      | Reached skill level 5 in Dodging
  5425 | D:4      | Reached skill level 9 in Stealth
  5425 | D:4      | Reached skill level 5 in Shields
  5425 | D:4      | Reached skill level 5 in Unarmed Combat
  5425 | D:4      | Reached skill level 5 in Spellcasting
  5425 | D:4      | Reached skill level 5 in Invocations
  5425 | D:4      | Reached skill level 5 in Evocations
  5425 | D:4      | Reached XP level 8. HP: 65/65 MP: 11/15
  5444 | D:4      | Killed Menkaure
  5444 | D:4      | Reached XP level 9. HP: 38/72 MP: 13/16
  6596 | D:4      | Noticed Pikel
  6621 | D:4      | Killed Pikel
  6994 | D:5      | Found Tidafim's Jewellery Emporium.
  7467 | D:6      | Found a shattered altar of Ashenzari.
  7508 | D:6      | Found Suevymp's Assorted Antiques.
  7517 | D:6      | Bought a potion of heal wounds for 95 gold pieces
  7517 | D:6      | Bought a scroll labeled KAUSAF DUCYTY for 19 gold pieces
  7517 | D:6      | Bought a scroll labeled JUPSOT ONEFF for 19 gold pieces
  7517 | D:6      | Bought a scroll labeled JUPSOT ONEFF for 19 gold pieces
  7931 | D:6      | Got a shimmering long sword
  7939 | D:6      | Identified the +7 long sword "Killer Bee's Regret" {flame,
                  | rElec Dex+4} (You found it on level 6 of the Dungeon)
  7948 | D:6      | Found a staircase to the Ecumenical Temple.
  7973 | Temple   | Entered the Ecumenical Temple
  8023 | Temple   | Became a worshipper of Sif Muna the Loreminder
  8489 | D:7      | Reached XP level 10. HP: 57/79 MP: 18/18
  9184 | D:7      | Reached * piety under Sif Muna
 10249 | D:8      | Reached skill level 5 in Conjurations
 10249 | D:8      | Reached skill level 5 in Hexes
 10249 | D:8      | Reached skill level 5 in Charms
 10249 | D:8      | Reached skill level 5 in Summonings
 10249 | D:8      | Reached skill level 5 in Necromancy
 10249 | D:8      | Reached skill level 5 in Translocations
 10249 | D:8      | Reached skill level 5 in Transmutations
 10249 | D:8      | Reached skill level 5 in Fire Magic
 10249 | D:8      | Reached skill level 5 in Ice Magic
 10249 | D:8      | Reached skill level 5 in Air Magic
 10249 | D:8      | Reached skill level 5 in Earth Magic
 10249 | D:8      | Reached skill level 5 in Poison Magic
 10252 | D:8      | Upgraded the game from 0.25.0-3-gd7cc5688da to
                  | 0.25.0-9-g26727b657a
 10875 | D:9      | Reached ** piety under Sif Muna
 11495 | D:10     | Entered Level 10 of the Dungeon
 11503 | D:10     | Reached skill level 10 in Stealth
 11829 | D:10     | Reached XP level 11. HP: 86/86 MP: 20/20
 11957 | D:10     | Found a staircase to the Lair.
 11958 | D:10     | Noticed a two-headed ogre
 12037 | D:10     | Killed a two-headed ogre
 12059 | D:10     | Reached *** piety under Sif Muna
 12502 | D:11     | Noticed Erica
 12513 | D:11     | Killed Erica
 12705 | D:11     | Found Purot's Weapon Shoppe.
 12726 | D:11     | Learned a level 1 spell: Apportation
 12744 | D:11     | Noticed Maurice
 12766 | D:11     | Killed Maurice
 12851 | D:11     | Found a staircase to the Orcish Mines.
 12855 | D:11     | Noticed a six-headed hydra
 12998 | D:11     | Killed a two-headed hydra
 13262 | D:11     | Reached **** piety under Sif Muna
 13521 | D:11     | Found a sacrificial altar of Ru.
 13639 | D:11     | Noticed a five-headed hydra
 13647 | D:11     | Killed a one-headed hydra
 13693 | D:11     | Killed an unseen horror
 13873 | D:11     | Noticed a green ugly thing
 13878 | D:11     | Killed a green ugly thing
 14139 | D:12     | Found Tyuset's General Store.
 14139 | D:12     | Found an ornate altar of the Wu Jian Council.
 14149 | D:12     | Reached XP level 12. HP: 86/94 MP: 22/22
 14167 | D:12     | Bought a scroll of random uselessness for 15 gold pieces
 15267 | D:12     | Noticed a fire dragon
 15366 | D:12     | Killed a fire dragon
 15439 | D:12     | Found a blossoming altar of Fedhas.
 15542 | Orc:1    | Entered Level 1 of the Orcish Mines
 15557 | Orc:1    | Reached ***** piety under Sif Muna
 15783 | Orc:1    | Received a gift from Sif Muna
 15796 | Orc:1    | Learned a level 3 spell: Mephitic Cloud
 16334 | Orc:2    | Entered Level 2 of the Orcish Mines
 16336 | Orc:2    | Noticed a two-headed ogre
 16844 | Lair:1   | Entered Level 1 of the Lair of Beasts
 17110 | Lair:1   | Noticed Imnulubo's ghost (novice TeFE)
 17130 | Lair:1   | Noticed an eight-headed hydra
 17141 | Lair:1   | Killed a four-headed hydra
 17373 | Lair:1   | Found a runed translucent gate.
 17381 | Lair:1   | Found a runed translucent gate.
 17381 | Lair:1   | Found a runed translucent gate.
 17542 | Lair:1   | Noticed an eight-headed hydra
 18102 | D:10     | Killed a one-headed hydra
 18918 | Lair:2   | Reached skill level 11 in Stealth
 19047 | Lair:2   | Reached XP level 13. HP: 92/101 MP: 24/24
 19447 | Lair:2   | Learned a level 3 spell: Vampiric Draining
 19478 | Lair:2   | Got an encrusted broad axe
 19479 | Lair:2   | Identified the +4 broad axe "Nekauci" {vorpal, rElec rF-
                  | Dex+8} (You found it on level 2 of the Lair of Beasts)
 20266 | Lair:3   | Found a staircase to the Shoals.
 20766 | Lair:3   | Received a gift from Sif Muna
 20788 | Lair:3   | Learned a level 3 spell: Ignite Poison
 21284 | Lair:4   | Found a hole to the Spider Nest.
 22562 | Lair:4   | Reached XP level 14. HP: 105/109 MP: 26/26
 22676 | Lair:4   | Reached skill level 10 in Fighting
 22676 | Lair:4   | Reached skill level 10 in Short Blades
 22676 | Lair:4   | Reached skill level 10 in Throwing
 23503 | Lair:5   | Reached skill level 10 in Invocations
 23669 | Lair:5   | Identified Sif Muna's Tome of Attacks (Sif Muna gifted it
                  | to you on level 5 of the Lair of Beasts)
 23669 | Lair:5   | Received a gift from Sif Muna
 23741 | Lair:5   | Found a staircase to the Slime Pits.
 24008 | Lair:6   | Entered Level 6 of the Lair of Beasts
 24440 | Lair:6   | Reached skill level 12 in Stealth
 25216 | Lair:6   | Reached skill level 10 in Dodging
 25269 | Lair:6   | Reached XP level 15. HP: 117/117 MP: 28/28
 25290 | Lair:6   | Learned a level 4 spell: Olgreb's Toxic Radiance
 25586 | Lair:6   | Found a runed translucent door.
 25743 | Lair:6   | Identified Sif Muna's Volume of the Evil Birds (Sif Muna
                  | gifted it to you on level 6 of the Lair of Beasts)
 25743 | Lair:6   | Received a gift from Sif Muna
 26688 | Orc:2    | Found a staircase to the Elven Halls.
 26741 | Orc:2    | Noticed Saint Roka
 27124 | Orc:2    | Reached skill level 10 in Long Blades
 27124 | Orc:2    | Reached skill level 10 in Axes
 27124 | Orc:2    | Reached skill level 10 in Maces & Flails
 27124 | Orc:2    | Reached skill level 10 in Polearms
 27124 | Orc:2    | Reached skill level 10 in Staves
 27124 | Orc:2    | Reached skill level 10 in Slings
 27124 | Orc:2    | Reached skill level 10 in Bows
 27124 | Orc:2    | Reached skill level 10 in Crossbows
 27124 | Orc:2    | Reached skill level 10 in Armour
 27124 | Orc:2    | Reached skill level 10 in Shields
 27124 | Orc:2    | Reached skill level 10 in Unarmed Combat
 27124 | Orc:2    | Reached skill level 10 in Spellcasting
 27124 | Orc:2    | Reached skill level 10 in Evocations
 27158 | Orc:2    | Identified Sif Muna's Collected Works on Creation (Sif Muna
                  | gifted it to you on level 2 of the Orcish Mines)
 27158 | Orc:2    | Received a gift from Sif Muna
 27161 | Orc:2    | Paralysed by an ogre mage for 4 turns
 27165 | Orc:2    | Slain by a two-headed ogre

Illustrated notes

Levels and vault maps discovered:
D:1:      minmay_arrival_radiant_lines, layout_basic, minivault_25,
          minmay_misc_feat_x
D:2:      layout_basic, lemuel_round_altar, first_ration, minmay_pentomino_o4,
          uniq_terence
D:3:      layout_loops_corners, serial_undead, serial_undead_f, serial_undead_a,
          serial_undead_a, serial_undead_b, hangedman_glass_teeth
D:4:      layout_gridville, st_stairs_14, grunt_decor_mini_mirrors,
          minivault_23, minmay_diced_spiral, uniq_menkaure, uniq_pikel
D:5:      layout_basic, serial_shops, nicolae_shop_crystal,
          nicolae_shop_crystal, nicolae_shop_trees, uniq_sigmund
D:6:      layout_loops_ring, minmay_temple_entry_drinking_statues,
          portal_sewer_entry_a, serial_shops, shop, serial_bayou_pond_d,
          corexii_item_surrounded_by_moat, cheibrodos_ashenzari_chains
D:7:      layout_loops_corners, the_bakery, minmay_fractal_squares_gapless_5
D:8:      layout_basic, kennysheep_big_empty_room
D:9:      layout_basic
D:10:     layout_roguey, erik_lair_orcish_takeover, serial_corexii_hall,
          corexii_hall_statues_deadend, corexii_hall_statues_u,
          corexii_hall_statues_l, serial_park_tiny_pond, roderic_batcave
D:11:     layout_roguey, erik_orc_1, serial_shops, nicolae_shop_statue_plus,
          hangedman_ru_absence, uniq_erica, uniq_maurice
D:12:     layout_cave_pools, serial_shops,
          nicolae_shop_temple_entry_statues_fountains, basic_altar,
          minmay_ruined_shrine
Temple:   nicolae_temple_the_god_donut
Lair:1:   layout_cave_pods, gammafunk_ghost_icy
Lair:2:   layout_misc_corridors, chequers_serial_rivers_room_a,
          minmay_stone_trees_small, serial_bayou_shore_b
Lair:3:   layout_cave_pods, minmay_shoals_entry_hut
Lair:4:   beast_lair_carwin_large_3, layout_cave_pods, spider_nest_entry_webs,
          kilobyte_rumbling_trees
Lair:5:   layout_cave_shapes, minmay_slime_entry_pillars
Lair:6:   guppyfry_lair_end_dragon, layout_cave_pods, wormcave,
          grunt_megastairs_3, serial_bayou_shore_b
Orc:1:    layout_diamond_mine
Orc:2:    st_orc_ogre_mass, layout_diamond_mine, serial_shops, shop,
          uniq_saint_roka

Skill      XL: |  1  2  3  4  5  6  7  8  9 10 11 12 13 14 15 |
---------------+----------------------------------------------+-----
Invocations    | 1 2 5 6 7 8 9 10 11 | 11.0
Long Blades    | 1 2 5 6 7 8 9 10 | 10.1
Axes           | 1 2 5 6 7 8 9 10 | 10.1
Maces & Flails | 1 2 5 6 7 8 9 10 | 10.1
Polearms       | 1 2 5 6 7 8 9 10 | 10.1
Staves         | 1 2 5 6 7 8 9 10 | 10.1
Slings         | 1 2 5 6 7 8 9 10 | 10.1
Bows           | 1 2 5 6 7 8 9 10 | 10.1
Crossbows      | 1 2 5 6 7 8 9 10 | 10.1
Armour         | 1 2 5 6 7 8 9 10 | 10.1
Shields        | 1 2 5 6 7 8 9 10 | 10.1
Unarmed Combat | 1 2 5 6 7 8 9 10 | 10.1
Spellcasting   | 1 2 5 6 7 8 9 10 | 10.1
Evocations     | 1 2 5 6 7 8 9 10 | 10.1
Conjurations   | 1 4 5 6 7 8 |  8.5
Hexes          | 1 4 5 6 7 8 |  8.5
Charms         | 1 4 5 6 7 8 |  8.5
Summonings     | 1 4 5 6 7 8 |  8.5
Necromancy     | 1 4 5 6 7 8 |  8.5
Translocations | 1 4 5 6 7 8 |  8.5
Transmutations | 1 4 5 6 7 8 |  8.5
Fire Magic     | 1 4 5 6 7 8 |  8.5
Ice Magic      | 1 4 5 6 7 8 |  8.5
Air Magic      | 1 4 5 6 7 8 |  8.5
Earth Magic    | 1 4 5 6 7 8 |  8.5
Poison Magic   | 1 4 5 6 7 8 |  8.5
Dodging        | 3 5 6 7 8 9 10 | 10.5
Stealth        | 8 9 10 11 12 | 12.4
Fighting       | 5 6 7 8 9 10 11 | 11.1
Short Blades   | 5 6 7 8 9 10 11 | 11.1
Throwing       | 5 6 7 8 9 10 11 | 11.1

Action                   |  1- 3 |  4- 6 |  7- 9 | 10-12 | 13-15 || total
-------------------------+-------+-------+-------+-------+-------++-------
Melee: Dagger            |    64 |   255 |   404 |       |       ||   723
       Bite              |     3 |    22 |    61 |   143 |   203 ||   432
       Punch             |       |     2 |    16 |     5 |       ||    23
       Long sword        |       |       |    42 |   699 |   950 ||  1691
Throw: Dart              |    10 |    51 |    44 |    25 |       ||   130
       Throwing net      |       |       |     3 |       |       ||     3
 Cast: Apportation       |       |       |       |     1 |       ||     1
       Vampiric Draining |       |       |       |       |    61 ||    61
       Mephitic Cloud    |       |       |       |       |    15 ||    15
       Ignite Poison     |       |       |       |       |    21 ||    21
       Olgreb's Toxic Ra |       |       |       |       |    19 ||    19
Evoke: Wand              |       |       |       |    14 |    11 ||    25
  Use: Potion            |       |     3 |     4 |     2 |       ||     9
       Scroll            |       |       |     4 |    12 |     5 ||    21
 Stab: Sleeping          |    18 |     6 |     4 |    20 |    11 ||    59
       Held in net/web   |       |       |     2 |       |       ||     2
       Distracted        |       |       |     1 |     4 |     4 ||     9
       Confused          |       |       |       |     3 |    10 ||    13
       Paralysed         |       |       |       |       |     8 ||     8
  Eat: Chunk             |     1 |    10 |    10 |    28 |    26 ||    75
       Ration            |       |       |     1 |     2 |     1 ||     4
Armor: Robe              |     6 |    32 |     3 |       |       ||    41
       Skin              |       |    53 |       |       |       ||    53
       Scale mail        |       |       |   104 |   196 |   199 ||   499
Dodge: Dodged            |    20 |   135 |   165 |   602 |   767 ||  1689
       Repelled          |       |       |       |    12 |     6 ||    18
Block: Buckler           |       |       |       |   209 |   434 ||   643
       Rpst.: Long sword |       |       |     8 |   148 |   190 ||   346
